 Dungeon Crawl Stone Soup version 0.22-a0-580-gd5db89c (webtiles) character file.

9877 Mgcat the Archer (level 11, -5/124 HPs)
             Began as a Gnoll Wanderer on July 3, 2018.
             Was a High Priest of Cheibriados.
             Slain by an orc warrior
             ... wielding a +0 trident
              (12 damage)
             ... on level 10 of the Dungeon.
             The game lasted 00:34:42 (11997 turns).

Mgcat the Archer (Gnoll Wanderer)                  Turns: 11997, Time: 00:34:43

Health: -5/124     AC: 25    Str: 34    XL:     11   Next: 53%
Magic:  2/20       EV:  2    Int: 28    God:    Cheibriados [*****.]
Gold:   151        SH:  0    Dex: 29    Spells: 15/22 levels left

rFire    . . .     SeeInvis .   a - +4 spear (flame)
rCold    . . .     Gourm    .   (no shield)
rNeg     + + +     Faith    .   (armour currently unavailable)
rPois    +         Spirit   .   (helmet currently unavailable)
rElec    .         Reflect  .   (cloak currently unavailable)
rCorr    .         Harm     .   (gloves currently unavailable)
MR       .....     NoTele   +   (boots currently unavailable)
Stlth    +++++.....             (no amulet)
HPRegen  0.30/turn              D - +3 ring of evasion
MPRegen  0.17/turn              s - +5 ring of evasion

@: mighty, tree-form, very slow
A: distributed training, strong nose
a: Bend Time, Temporal Distortion, Slouch, Step From Time, Renounce Religion


You were on level 10 of the Dungeon.
You worshipped Cheibriados.
Cheibriados was extremely pleased with you.
You were not hungry.
You were a tree.
You visited 1 branch of the dungeon, and saw 10 of its levels.

You collected 473 gold pieces.
You spent 322 gold pieces at shops.

Inventory:

Hand Weapons
 a - a +4 spear of flaming (weapon)
   (You took it off a gnoll sergeant on level 8 of the Dungeon)
 b - a +0 shortbow
   (You took it off a centaur on level 6 of the Dungeon)
 v - a +2 blowgun
Missiles
 d - 6 curare-tipped needles
 m - 4 tomahawks (quivered)
 n - 75 poisoned needles
 w - 103 arrows
 I - a throwing net {=f, !d}
Armour
 r - a +0 helmet (melded)
   (You found it on level 4 of the Dungeon)
 x - a +1 pair of gloves (melded)
   (You found it on level 4 of the Dungeon)
 z - a +0 pair of boots (melded)
   (You found it on level 6 of the Dungeon)
 G - the cursed +0 cloak of Weticw (melded) {rPois Int+8 Dex-4}
   (You bought it in a shop on level 6 of the Dungeon)

   It affects your intelligence (+8).
   It affects your dexterity (-4).
   It protects you from poison.
   It has a curse placed upon it.
 M - a +3 chain mail (melded)
   (You took it off an orc warrior on level 9 of the Dungeon)
Magical Staves
 A - an uncursed staff of wizardry {wiz+, !a}
   (You found it on level 6 of the Dungeon)
Jewellery
 l - an uncursed ring of stealth {Stlth+}
   (You found it on level 1 of the Dungeon)
 o - an uncursed ring of positive energy {rN+}
   (You found it on level 3 of the Dungeon)
 s - a +5 ring of evasion (right branch)
   (You found it on level 6 of the Dungeon)
 y - an uncursed ring of wizardry {Wiz+, !d}
   (You found it on level 10 of the Dungeon)
 D - a +3 ring of evasion (left branch)
   (You found it on level 7 of the Dungeon)
Wands
 h - a wand of digging (8)
   (You took it off Natasha on level 3 of the Dungeon)
 j - a wand of iceblast (18)
   (You found it on level 3 of the Dungeon)
 q - a wand of flame (41)
   (You found it on level 7 of the Dungeon)
 u - a wand of paralysis (9)
   (You found it on level 4 of the Dungeon)
 J - a wand of enslavement (15)
   (You found it on level 9 of the Dungeon)
 L - a wand of scattershot (6)
   (You found it on level 9 of the Dungeon)
Scrolls
 g - 4 scrolls of identify
 k - a scroll of magic mapping {!r}
 p - 5 scrolls of teleportation
 t - 2 scrolls of amnesia
 C - 4 scrolls of remove curse
 E - a scroll of blinking {!r}
 H - 3 scrolls of fear
Potions
 c - a potion of flight
 i - a potion of resistance
 B - a potion of lignification {!q}
 F - a potion of cancellation
 K - a potion of haste {unknown}
Comestibles
 f - 28 rations


   Skills:
 + Level 6.8 Fighting
 + Level 6.2 Short Blades
 + Level 6.2 Long Blades
 + Level 6.2 Axes
 + Level 6.2 Maces & Flails
 + Level 7.8 Polearms
 + Level 6.2 Staves
 + Level 6.2 Slings
 + Level 9.1 Bows
 + Level 6.2 Crossbows
 + Level 7.8 Throwing
 + Level 6.2 Armour
 + Level 6.2 Dodging
 + Level 7.6 Stealth
 + Level 6.2 Shields
 + Level 6.2 Unarmed Combat
 + Level 6.2 Spellcasting
 + Level 5.2 Conjurations
 + Level 5.2 Hexes
 + Level 5.2 Charms
 + Level 5.2 Summonings
 + Level 5.2 Necromancy
 + Level 5.2 Translocations
 + Level 5.2 Transmutations
 + Level 5.2 Fire Magic
 + Level 5.2 Ice Magic
 + Level 5.2 Air Magic
 + Level 5.2 Earth Magic
 + Level 5.2 Poison Magic
 + Level 6.9 Invocations
 + Level 6.2 Evocations


You had 15 spell levels left.
You knew the following spells:

 Your Spells              Type           Power        Failure   Level  Hunger
a - Pain                  Necr           ####         1%          1    None
b - Vampiric Draining     Necr           #####.....   1%          3    None
c - Regeneration          Chrm/Necr      #####.....   1%          3    None

Your spell library contained the following spells:

 Spells                   Type           Power        Failure   Level  Hunger
 Animate Dead             Necr           N/A          7%          4    ###....
 Animate Skeleton         Necr           N/A          1%          1    None


Dungeon Overview and Level Annotations

Branches:
Dungeon (10/15)            Temple (0/1) D:5            Lair (0/6) D:8
    Orc (0/2) D:10

Altars:
Ashenzari
Cheibriados
Gozag
Hepliaklqana
Kikubaaqudgha
Makhleb
Nemelex Xobeh
Qazlal
Wu Jian
Zin
The Shining One

Shops:
D:4 ?   D:6 [   D:7 %   D:9 =

Annotations:
D:6 1 runed door, B1inky's ghost, novice SpFi
D:10 Fannar


Innate Abilities, Weirdness & Mutations

Your experience applies equally to all skills.
((You have very sharp teeth.))
Your uncanny sense of smell can sniff out nearby items.


Message History

Aiming: Vampiric Draining (safe; 5% risk of failure)
Press: ? - help, Shift-Dir - straight line, f - ice beast
Aim: an ice beast (summoned)
The ice beast is heavily wounded.
The ice beast hits you but does no damage.
The orc warrior misses you.
Casting: Vampiric Draining (safe; 5% risk of failure)
Confirm with . or Enter, or press ? or * to list all spells.
Aiming: Vampiric Draining (safe; 5% risk of failure)
Press: ? - help, Shift-Dir - straight line, f/p - ice beast
Aim: an ice beast (heavily wounded, summoned)
The ice beast is severely wounded.
The orc warrior completely misses you.
You puncture the ice beast!
You melt the ice beast.
You kill the ice beast!
The orc warrior closely misses you.
You hit the ice beast.
You melt the ice beast.
The ice beast is moderately wounded.
The ice beast completely misses you.
You closely miss the ice beast. Your punch misses the ice beast.
The ice beast is moderately wounded.
The orc warrior misses you. The ice beast closely misses you.
You closely miss the ice beast.
You bite the ice beast, but do no damage.
The ice beast is moderately wounded.
The orc warrior misses you.
You hit the ice beast.
You melt the ice beast.
The ice beast is heavily wounded.
The ice beast completely misses you.
Attack whom?
Press: ? - help, Dir - move target cursor, f - orc warrior
Aim: an orc warrior, wielding a trident and wearing a chain mail You reach to attack!
You hit the orc warrior but do no damage.
The orc warrior barely misses you. The ice beast misses you.
Attack whom?
Press: ? - help, Dir - move target cursor, f/p - orc warrior
Aim: an orc warrior, wielding a trident and wearing a chain mail The ice beast is in the way.
You hit the ice beast.
You melt the ice beast.
The ice beast is heavily wounded.
The orc warrior hits you from afar with a trident.
The ice beast closely misses you.
Attack whom?
Press: ? - help, Dir - move target cursor, f/p - orc warrior
Aim: an orc warrior, wielding a trident and wearing a chain mail The ice beast is in the way.
You hit the ice beast.
You melt the ice beast.
The ice beast is severely wounded.
All of the chunks of flesh in your inventory have rotted away.
Attack whom?
Press: ? - help, Dir - move target cursor, f/p - orc warrior
Aim: an orc warrior, wielding a trident and wearing a chain mail You reach to attack!
You hit the orc warrior. You burn the orc warrior.
The orc warrior is lightly wounded.
The ice beast completely misses you.
The orc warrior hits you from afar with a trident.
You feel very mighty all of a sudden.
The ice beast hits you but does no damage.
The orc warrior misses you.
You puncture the ice beast!
You melt the ice beast.
You kill the ice beast!
Attack whom?
Press: ? - help, Dir - move target cursor, f/p - orc warrior
Aim: an orc warrior, wielding a trident and wearing a chain mail (lightly wounded)
You reach to attack!
You barely miss the orc warrior.
The orc warrior is lightly wounded.
The orc warrior misses you.
Attack whom?
Press: ? - help, Dir - move target cursor, f/p - orc warrior
Aim: an orc warrior, wielding a trident and wearing a chain mail (lightly wounded)
You reach to attack!
You puncture the orc warrior! You burn the orc warrior.
The orc warrior is heavily wounded.
The orc warrior misses you. The orc misses you.
Attack whom?
Press: ? - help, Dir - move target cursor, f/p - orc warrior
Aim: an orc warrior, wielding a trident and wearing a chain mail (heavily wounded)
The orc is in the way.
You hit the orc. You burn the orc.
You kill the orc!
Cheibriados appreciates the change of pace.
Really quaff
B - 2 potions of lignification {!q}?
You turn into a tree.
The cursed +0 cloak of Weticw {rPois Int+8 Dex-4} melds into your body.
Your +0 helmet melds into your body.
Your +1 pair of gloves melds into your body.
Your +0 pair of boots melds into your body.
Your +3 chain mail melds into your body.
Your roots penetrate the ground.
The orc warrior hits you from afar with a trident.
Fannar mumbles some strange words.
You puncture Fannar!
Fannar's icy armour evaporates.
You burn Fannar.
Fannar is moderately wounded.
The orc warrior hits you from afar with a trident!
You puncture Fannar! You burn Fannar.
Fannar is heavily wounded.
The ice beast hits you. The ice beast freezes you!
* * * LOW HITPOINT WARNING * * *
Fannar gestures at you while chanting. The bolt of cold hits you!
* * * LOW HITPOINT WARNING * * *
The orc warrior hits you from afar with a trident!
You die...

# ##### ### .. #oe.# #.#
##### ... #.#♣#
#####.####.... .... #o#Y#
#.....#..+.... ....H
#o###.#.###.'.##....
......#Y..o.#.#...........
......eY#######.#.####....
[....#>.........#.# #....
.... ############.# ##'##
### #....^......# #.#
#######..#### #.#


You could see Fannar, an orc warrior and an ice beast.

Vanquished Creatures
  3 two-headed ogres
  2 hornets
  A troll (D:10)
  3 hippogriffs
  Sigmund (D:3)
  A spriggan (D:7)
  5 yaks (D:8)
  A steam dragon (D:9)
  Eustachio (D:4)
  3 wyverns
  A basilisk (D:8)
  3 porcupines
  5 orc warriors
  A black bear (D:9)
  6 sky beasts
  An ice beast (D:8)
  A phantom (D:6)
  3 centaurs
  An ogre (D:9)
  2 crocodiles (D:8)
  A big kobold (D:9)
  7 bullfrogs
  2 gnoll sergeants
  2 scorpions
  3 killer bees (D:9)
  9 wights (D:6)
  4 crimson imps
  4 hounds
  8 orc priests
  A centaur skeleton (D:7)
  A bullfrog skeleton (D:5)
  A gnoll shaman (D:4)
  4 iguanas
  6 orc wizards
  Natasha (thrice) (D:3)
  5 worker ants
  Terence (D:3)
  A howler monkey zombie (D:6)
  A worker ant zombie (D:8)
  23 gnolls
  2 howler monkey skeletons
  14 adders
  3 shadow imps
  4 adder skeletons
  2 dart slugs
  4 leopard geckos
  36 orcs
  4 ball pythons
  10 bats
  13 giant cockroaches
  6 goblins
  8 hobgoblins
  11 jackals
  13 kobolds
  4 quokkas
  8 frilled lizards
  6 rats
280 creatures vanquished.

Vanquished Creatures (others)
  An orc (D:10)
1 creature vanquished.

Grand Total: 281 creatures vanquished

Notes
Turn   | Place    | Note
-------+----------+-------------------------------------------
     0 | D:1      | Mgcat the Gnoll Wanderer began the quest for the Orb.
     0 | D:1      | Mgcat set off with: 3 curare-tipped needles, a +2 blowgun, a +0 ring mail, a +0 spear, a +0 dagger, a ration
     0 | D:1      | Reached XP level 1. HP: 17/17 MP: 1/1
   184 | D:1      | Reached XP level 2. HP: 18/23 MP: 2/2
   719 | D:1      | Found a sparkling altar of Nemelex Xobeh.
  1005 | D:2      | Reached XP level 3. HP: 28/28 MP: 3/3
  1199 | D:2      | Reached skill level 1 in Invocations
  1217 | D:2      | HP: 7/28 [poisoned by an adder]
  1225 | D:2      | HP: 6/28 [poisoned by an adder]
  1429 | D:2      | You fall through a shaft for 2 floors!
  1517 | D:3      | Reached skill level 1 in Short Blades
  1517 | D:3      | Reached skill level 1 in Long Blades
  1517 | D:3      | Reached skill level 1 in Axes
  1517 | D:3      | Reached skill level 1 in Maces & Flails
  1517 | D:3      | Reached skill level 1 in Staves
  1517 | D:3      | Reached skill level 1 in Slings
  1517 | D:3      | Reached skill level 1 in Crossbows
  1517 | D:3      | Reached skill level 1 in Armour
  1517 | D:3      | Reached skill level 1 in Dodging
  1517 | D:3      | Reached skill level 1 in Shields
  1517 | D:3      | Reached skill level 1 in Unarmed Combat
  1517 | D:3      | Reached skill level 1 in Spellcasting
  1517 | D:3      | Reached skill level 1 in Evocations
  1518 | D:3      | Noticed Sigmund
  1623 | D:2      | Reached XP level 4. HP: 34/34 MP: 5/5
  2420 | D:2      | Found a glowing golden altar of the Shining One.
  2531 | D:2      | Became a worshipper of the Shining One
  2596 | D:3      | Reached skill level 1 in Conjurations
  2596 | D:3      | Reached skill level 1 in Hexes
  2596 | D:3      | Reached skill level 1 in Charms
  2596 | D:3      | Reached skill level 1 in Summonings
  2596 | D:3      | Reached skill level 1 in Necromancy
  2596 | D:3      | Reached skill level 1 in Translocations
  2596 | D:3      | Reached skill level 1 in Transmutations
  2596 | D:3      | Reached skill level 1 in Fire Magic
  2596 | D:3      | Reached skill level 1 in Ice Magic
  2596 | D:3      | Reached skill level 1 in Air Magic
  2596 | D:3      | Reached skill level 1 in Earth Magic
  2596 | D:3      | Reached skill level 1 in Poison Magic
  2616 | D:3      | Killed Sigmund
  2616 | D:3      | Reached skill level 3 in Fighting
  2616 | D:3      | Reached skill level 2 in Invocations
  2616 | D:3      | Reached XP level 5. HP: 22/41 MP: 5/7
  2616 | D:3      | Reached XP level 6. HP: 25/47 MP: 5/8
  2802 | D:3      | Noticed Terence
  2817 | D:3      | Killed Terence
  2850 | D:3      | Noticed Natasha
  2860 | D:3      | Killed Natasha
  2860 | D:3      | Reached skill level 5 in Polearms
  2860 | D:3      | Reached skill level 5 in Throwing
  2900 | D:3      | Noticed Natasha
  2915 | D:3      | Killed Natasha
  2915 | D:3      | Reached skill level 2 in Short Blades
  2915 | D:3      | Reached skill level 2 in Long Blades
  2915 | D:3      | Reached skill level 2 in Axes
  2915 | D:3      | Reached skill level 2 in Maces & Flails
  2915 | D:3      | Reached skill level 2 in Staves
  2915 | D:3      | Reached skill level 2 in Slings
  2915 | D:3      | Reached skill level 2 in Crossbows
  2915 | D:3      | Reached skill level 2 in Armour
  2915 | D:3      | Reached skill level 2 in Dodging
  2915 | D:3      | Reached skill level 2 in Shields
  2915 | D:3      | Reached skill level 2 in Unarmed Combat
  2915 | D:3      | Reached skill level 2 in Spellcasting
  2915 | D:3      | Reached skill level 2 in Evocations
  2962 | D:3      | Noticed Natasha
  3032 | D:3      | Killed Natasha
  3393 | D:3      | Reached XP level 7. HP: 51/52 MP: 10/10
  3723 | D:3      | HP: 12/52 [bullfrog (3)]
  4066 | D:4      | Reached * piety under the Shining One
  4082 | D:4      | Reached skill level 7 in Bows
  4177 | D:4      | Reached skill level 2 in Conjurations
  4177 | D:4      | Reached skill level 2 in Hexes
  4177 | D:4      | Reached skill level 2 in Charms
  4177 | D:4      | Reached skill level 2 in Summonings
  4177 | D:4      | Reached skill level 2 in Necromancy
  4177 | D:4      | Reached skill level 2 in Translocations
  4177 | D:4      | Reached skill level 2 in Transmutations
  4177 | D:4      | Reached skill level 2 in Fire Magic
  4177 | D:4      | Reached skill level 2 in Ice Magic
  4177 | D:4      | Reached skill level 2 in Air Magic
  4177 | D:4      | Reached skill level 2 in Earth Magic
  4177 | D:4      | Reached skill level 2 in Poison Magic
  4606 | D:4      | Found Siajyvip's Magic Scroll Shop.
  4624 | D:4      | Bought a scroll of enchant weapon for 75 gold pieces
  4693 | D:4      | Reached skill level 5 in Stealth
  4787 | D:4      | Found a burning altar of Makhleb.
  4787 | D:4      | Found a sparkling altar of Nemelex Xobeh.
  4792 | D:4      | Found a snail-covered altar of Cheibriados.
  4796 | D:4      | Found an ancient bone altar of Kikubaaqudgha.
  4798 | D:4      | Found a glowing silver altar of Zin.
  4823 | D:4      | Fell from the grace of the Shining One
  4823 | D:4      | Became a worshipper of Cheibriados the Contemplative
  4945 | D:4      | Got a fine ring mail
  4956 | D:4      | Identified the cursed +1 ring mail of Kikubaaqudgha's Favour {rPois Str-2 Int+3} (You found it on level 4 of the Dungeon)
  5039 | D:4      | Reached skill level 3 in Invocations
  5143 | D:4      | Noticed Eustachio
  5170 | D:4      | Killed Eustachio
  5170 | D:4      | Reached skill level 4 in Fighting
  5170 | D:4      | Reached XP level 8. HP: 60/60 MP: 12/12
  5258 | D:5      | Entered Level 5 of the Dungeon
  5304 | D:5      | Found a staircase to the Ecumenical Temple.
  5435 | D:5      | Reached skill level 3 in Short Blades
  5435 | D:5      | Reached skill level 3 in Long Blades
  5435 | D:5      | Reached skill level 3 in Axes
  5435 | D:5      | Reached skill level 3 in Maces & Flails
  5435 | D:5      | Reached skill level 3 in Staves
  5435 | D:5      | Reached skill level 3 in Slings
  5435 | D:5      | Reached skill level 3 in Crossbows
  5435 | D:5      | Reached skill level 3 in Armour
  5435 | D:5      | Reached skill level 3 in Dodging
  5435 | D:5      | Reached skill level 3 in Shields
  5435 | D:5      | Reached skill level 3 in Unarmed Combat
  5435 | D:5      | Reached skill level 3 in Spellcasting
  5435 | D:5      | Reached skill level 3 in Evocations
  5497 | D:5      | HP: 15/60 [gnoll/spear (8)]
  5509 | D:5      | HP: 13/60 [gnoll/whip of holy wrath (1)]
  5794 | D:5      | Reached * piety under Cheibriados
  6079 | D:6      | Noticed B1inky's ghost (novice SpFi)
  6351 | D:6      | Found a runed door.
  6363 | D:6      | Learned a level 1 spell: Pain
  6367 | D:6      | Learned a level 3 spell: Vampiric Draining
  6396 | D:6      | HP: 11/61 [orc priest/divine providence (17)]
  6397 | D:6      | HP: 2/61 [wight/enchanted halberd (9)]
  6670 | D:6      | Reached skill level 4 in Invocations
  6699 | D:6      | Reached skill level 3 in Conjurations
  6699 | D:6      | Reached skill level 3 in Hexes
  6699 | D:6      | Reached skill level 3 in Charms
  6699 | D:6      | Reached skill level 3 in Summonings
  6699 | D:6      | Reached skill level 3 in Necromancy
  6699 | D:6      | Reached skill level 3 in Translocations
  6699 | D:6      | Reached skill level 3 in Transmutations
  6699 | D:6      | Reached skill level 3 in Fire Magic
  6699 | D:6      | Reached skill level 3 in Ice Magic
  6699 | D:6      | Reached skill level 3 in Air Magic
  6699 | D:6      | Reached skill level 3 in Earth Magic
  6699 | D:6      | Reached skill level 3 in Poison Magic
  6736 | D:6      | Reached XP level 9. HP: 32/66 MP: 14/14
  6749 | D:6      | Reached skill level 6 in Polearms
  6749 | D:6      | Reached skill level 6 in Throwing
  6919 | D:6      | Reached ** piety under Cheibriados
  7107 | D:6      | HP: 11/66 [orc warrior/hand axe (13)]
  7111 | D:6      | Reached skill level 4 in Short Blades
  7111 | D:6      | Reached skill level 4 in Long Blades
  7111 | D:6      | Reached skill level 4 in Axes
  7111 | D:6      | Reached skill level 4 in Maces & Flails
  7111 | D:6      | Reached skill level 4 in Staves
  7111 | D:6      | Reached skill level 4 in Slings
  7111 | D:6      | Reached skill level 4 in Crossbows
  7111 | D:6      | Reached skill level 4 in Armour
  7111 | D:6      | Reached skill level 4 in Dodging
  7111 | D:6      | Reached skill level 4 in Shields
  7111 | D:6      | Reached skill level 4 in Unarmed Combat
  7111 | D:6      | Reached skill level 4 in Spellcasting
  7111 | D:6      | Reached skill level 4 in Evocations
  7645 | D:6      | Reached skill level 6 in Stealth
  7646 | D:6      | Found a shattered altar of Ashenzari.
  7693 | D:6      | Found Osaps's Antique Armour Shoppe.
  7740 | D:6      | Reached skill level 5 in Fighting
  8233 | D:7      | Reached skill level 8 in Bows
  8253 | D:7      | Reached *** piety under Cheibriados
  8406 | D:7      | Reached skill level 5 in Invocations
  8431 | D:7      | Found a hazy altar of Hepliaklqana.
  8717 | D:7      | Found Caohepi's Food Shop.
  8774 | D:8      | Reached XP level 10. HP: 48/74 MP: 17/17
  8795 | D:8      | Reached skill level 4 in Conjurations
  8795 | D:8      | Reached skill level 4 in Hexes
  8795 | D:8      | Reached skill level 4 in Charms
  8795 | D:8      | Reached skill level 4 in Summonings
  8795 | D:8      | Reached skill level 4 in Necromancy
  8795 | D:8      | Reached skill level 4 in Translocations
  8795 | D:8      | Reached skill level 4 in Transmutations
  8795 | D:8      | Reached skill level 4 in Fire Magic
  8795 | D:8      | Reached skill level 4 in Ice Magic
  8795 | D:8      | Reached skill level 4 in Air Magic
  8795 | D:8      | Reached skill level 4 in Earth Magic
  8795 | D:8      | Reached skill level 4 in Poison Magic
  8826 | D:8      | Reached skill level 5 in Short Blades
  8826 | D:8      | Reached skill level 5 in Long Blades
  8826 | D:8      | Reached skill level 5 in Axes
  8826 | D:8      | Reached skill level 5 in Maces & Flails
  8826 | D:8      | Reached skill level 5 in Staves
  8826 | D:8      | Reached skill level 5 in Slings
  8826 | D:8      | Reached skill level 5 in Crossbows
  8826 | D:8      | Reached skill level 5 in Armour
  8826 | D:8      | Reached skill level 5 in Dodging
  8826 | D:8      | Reached skill level 5 in Shields
  8826 | D:8      | Reached skill level 5 in Unarmed Combat
  8826 | D:8      | Reached skill level 5 in Spellcasting
  8826 | D:8      | Reached skill level 5 in Evocations
  8853 | D:8      | HP: 19/76 [poisoned by a scorpion]
  8861 | D:8      | HP: 16/76 [basilisk (4)]
  8863 | D:8      | HP: 7/76 [basilisk (4)]
  8872 | D:8      | HP: 7/76 [poisoned by a scorpion]
  8878 | D:8      | HP: 7/76 [poisoned by a scorpion]
  8885 | D:8      | HP: 6/76 [poisoned by a scorpion]
  8893 | D:7      | HP: 7/76 [poisoned by a scorpion]
  8899 | D:7      | HP: 7/76 [poisoned by a scorpion]
  9226 | D:8      | Paralysed by a hornet for 1 turns
  9230 | D:8      | Reached skill level 7 in Polearms
  9230 | D:8      | Reached skill level 7 in Throwing
  9392 | D:8      | Found a staircase to the Lair.
  9564 | D:8      | Found an ornate altar of the Wu Jian Council.
  9712 | D:8      | Found a stormy altar of Qazlal.
  9765 | D:8      | Reached **** piety under Cheibriados
  9806 | D:8      | Found an opulent altar of Gozag.
  9940 | D:8      | Reached skill level 6 in Fighting
 10214 | D:9      | Noticed a two-headed ogre
 10229 | D:9      | Reached skill level 6 in Invocations
 10239 | D:9      | Killed a two-headed ogre
 10239 | D:9      | Reached skill level 7 in Stealth
 10465 | D:9      | Reached XP level 11. HP: 82/82 MP: 19/19
 10508 | D:9      | Reached ***** piety under Cheibriados
 10646 | D:9      | Found Fisud's Jewellery Shop.
 10742 | D:6      | Bought a spiked cloak for 247 gold pieces
 10747 | D:6      | Identified the cursed +0 cloak of Weticw {rPois Int+8 Dex-4} (You bought it in a shop on level 6 of the Dungeon)
 11173 | D:9      | Learned a level 3 spell: Regeneration
 11309 | D:10     | Entered Level 10 of the Dungeon
 11453 | D:10     | Reached skill level 6 in Short Blades
 11453 | D:10     | Reached skill level 6 in Long Blades
 11453 | D:10     | Reached skill level 6 in Axes
 11453 | D:10     | Reached skill level 6 in Maces & Flails
 11453 | D:10     | Reached skill level 6 in Staves
 11453 | D:10     | Reached skill level 6 in Slings
 11453 | D:10     | Reached skill level 9 in Bows
 11453 | D:10     | Reached skill level 6 in Crossbows
 11453 | D:10     | Reached skill level 6 in Armour
 11453 | D:10     | Reached skill level 6 in Dodging
 11453 | D:10     | Reached skill level 6 in Shields
 11453 | D:10     | Reached skill level 6 in Unarmed Combat
 11453 | D:10     | Reached skill level 6 in Spellcasting
 11453 | D:10     | Reached skill level 6 in Evocations
 11477 | D:10     | Reached skill level 5 in Conjurations
 11477 | D:10     | Reached skill level 5 in Hexes
 11477 | D:10     | Reached skill level 5 in Charms
 11477 | D:10     | Reached skill level 5 in Summonings
 11477 | D:10     | Reached skill level 5 in Necromancy
 11477 | D:10     | Reached skill level 5 in Translocations
 11477 | D:10     | Reached skill level 5 in Transmutations
 11477 | D:10     | Reached skill level 5 in Fire Magic
 11477 | D:10     | Reached skill level 5 in Ice Magic
 11477 | D:10     | Reached skill level 5 in Air Magic
 11477 | D:10     | Reached skill level 5 in Earth Magic
 11477 | D:10     | Reached skill level 5 in Poison Magic
 11581 | D:10     | Noticed a two-headed ogre
 11595 | D:10     | Killed a two-headed ogre
 11778 | D:10     | Found a staircase to the Orcish Mines.
 11846 | D:10     | Noticed a two-headed ogre
 11855 | D:10     | Killed a two-headed ogre
 11959 | D:10     | Noticed Fannar
 11997 | D:10     | HP: 7/124 [Fannar/bolt of cold (30)]
 11997 | D:10     | Slain by an orc warrior

Vault maps used:
D:1:      dpeg_arrival_concentric_ovals, nemelex_diamond_rough_becter
D:2:      minivault_14, grunt_ministairs_11, nicolae_tso_swordbearing_angel
D:3:      kennysheep_six_static_rooms, uniq_sigmund, uniq_terence, uniq_natasha
D:4:      chequers_temple_overflow_minitemple, serial_shops, shop_fountains,
          uniq_eustachio
D:5:      minmay_temple_entry_statues, first_ration, minmay_misc_feat_room
D:6:      marbit_many_paths, serial_shops, nicolae_shop_statue_plus,
          serial_curves, eino_curves_03, eino_curves_04,
          hellmonk_ghost_happy_afterlife, kennysheep_small_spiral,
          serial_bayou_pond_d, minivault_26
D:7:      overflow_temple_1_default, serial_shops, shop_fountains, the_bakery
D:8:      grunt_qazlal_sundering, kennysheep_mini, minmay_lair_entry_grove,
          nicolae_gozag_seed_capital
D:9:      serial_shops, shop_fountains, minivault_25, minivault_27,
          corexii_checkpoint_a
D:10:     orc_0_dummy, uniq_fannar

Skill      XL: |  1  2  3  4  5  6  7  8  9 10 11 |
---------------+----------------------------------+-----
Invocations    | 1 2 3 4 5 6 |  6.9
Short Blades   | 1 2 3 4 5 6 |  6.2
Long Blades    | 1 2 3 4 5 6 |  6.2
Axes           | 1 2 3 4 5 6 |  6.2
Maces & Flails | 1 2 3 4 5 6 |  6.2
Staves         | 1 2 3 4 5 6 |  6.2
Slings         | 1 2 3 4 5 6 |  6.2
Crossbows      | 1 2 3 4 5 6 |  6.2
Armour         | 1 2 3 4 5 6 |  6.2
Dodging        | 1 2 3 4 5 6 |  6.2
Shields        | 1 2 3 4 5 6 |  6.2
Unarmed Combat | 1 2 3 4 5 6 |  6.2
Spellcasting   | 1 2 3 4 5 6 |  6.2
Evocations     | 1 2 3 4 5 6 |  6.2
Conjurations   | 1 2 3 4 5 |  5.2
Hexes          | 1 2 3 4 5 |  5.2
Charms         | 1 2 3 4 5 |  5.2
Summonings     | 1 2 3 4 5 |  5.2
Necromancy     | 1 2 3 4 5 |  5.2
Translocations | 1 2 3 4 5 |  5.2
Transmutations | 1 2 3 4 5 |  5.2
Fire Magic     | 1 2 3 4 5 |  5.2
Ice Magic      | 1 2 3 4 5 |  5.2
Air Magic      | 1 2 3 4 5 |  5.2
Earth Magic    | 1 2 3 4 5 |  5.2
Poison Magic   | 1 2 3 4 5 |  5.2
Fighting       | 3 4 5 6 |  6.8
Polearms       | 5 6 7 |  7.8
Throwing       | 5 6 7 |  7.8
Bows           | 7 8 9 |  9.1
Stealth        | 5 6 7 |  7.6

Action                   |  1- 3 |  4- 6 |  7- 9 | 10-12 || total
-------------------------+-------+-------+-------+-------++-------
Melee: Spear             |   154 |   166 |   509 |   430 ||  1259
       Bite              |     9 |     8 |    73 |    77 ||   167
       Punch             |       |     2 |     7 |    19 ||    28
       Hand axe          |       |       |    53 |       ||    53
 Fire: Blowgun           |       |    14 |       |       ||    14
Throw: Tomahawk          |       |     6 |     8 |     4 ||    18
 Cast: Pain              |       |       |    34 |     9 ||    43
       Vampiric Draining |       |       |    12 |    35 ||    47
Evoke: Wand              |       |       |     7 |     2 ||     9
  Use: Potion            |       |     3 |     5 |     2 ||    10
       Scroll            |       |     6 |    11 |     5 ||    22
 Stab: Sleeping          |     7 |     7 |    19 |    14 ||    47
       Paralysed         |       |       |    17 |     1 ||    18
       Distracted        |       |       |     2 |     1 ||     3
  Eat: Chunk             |     2 |     6 |    14 |     6 ||    28
Armor: Ring mail         |    39 |    44 |   135 |    37 ||   255
       Skin              |       |       |       |     1 ||     1
       Chain mail        |       |       |       |    35 ||    35
Dodge: Dodged            |    77 |    72 |   284 |   381 ||   814

Table legend:
 A = Spawn XP
 B = Non-spawn XP
 C = Spawn XP percentage of total XP
 D = Spawn monster count
 E = Non-spawn monster count
 F = Spawn count percentage of total count
 G = Total turns spent on level
                    A         B        C        D         E        F      G
               +---------+---------+-------+---------+---------+-------+---------
         Total |       0 |   14111 |   0.0 |       0 |     280 |   0.0 | 11997
               +---------+---------+-------+---------+---------+-------+---------
           D:1 |       0 |      42 |   0.0 |       0 |      23 |   0.0 |  1163
           D:2 |       0 |      83 |   0.0 |       0 |      27 |   0.0 |  1330
           D:3 |       0 |     602 |   0.0 |       0 |      41 |   0.0 |  1558
           D:4 |       0 |     650 |   0.0 |       0 |      26 |   0.0 |  1440
           D:5 |       0 |     221 |   0.0 |       0 |      11 |   0.0 |   888
           D:6 |       0 |    2008 |   0.0 |       0 |      44 |   0.0 |  1668
           D:7 |       0 |     755 |   0.0 |       0 |      14 |   0.0 |  1067
           D:8 |       0 |    3041 |   0.0 |       0 |      38 |   0.0 |  1107
           D:9 |       0 |    2881 |   0.0 |       0 |      36 |   0.0 |  1101
          D:10 |       0 |    3828 |   0.0 |       0 |      20 |   0.0 |   675
               +---------+---------+-------+---------+---------+-------+---------

Vault maps used:
D:1:      dpeg_arrival_concentric_ovals, nemelex_diamond_rough_becter
D:2:      minivault_14, grunt_ministairs_11, nicolae_tso_swordbearing_angel
D:3:      kennysheep_six_static_rooms, uniq_sigmund, uniq_terence, uniq_natasha
D:4:      chequers_temple_overflow_minitemple, serial_shops, shop_fountains,
          uniq_eustachio
D:5:      minmay_temple_entry_statues, first_ration, minmay_misc_feat_room
D:6:      marbit_many_paths, serial_shops, nicolae_shop_statue_plus,
          serial_curves, eino_curves_03, eino_curves_04,
          hellmonk_ghost_happy_afterlife, kennysheep_small_spiral,
          serial_bayou_pond_d, minivault_26
D:7:      overflow_temple_1_default, serial_shops, shop_fountains, the_bakery
D:8:      grunt_qazlal_sundering, kennysheep_mini, minmay_lair_entry_grove,
          nicolae_gozag_seed_capital
D:9:      serial_shops, shop_fountains, minivault_25, minivault_27,
          corexii_checkpoint_a
D:10:     orc_0_dummy, uniq_fannar

Table legend:
 A = Turns spent in this place as a percentage of turns spent in the entire game.
 B = Non-inter-level travel turns spent in this place as a percentage of non-inter-level travel turns spent in the entire game.
 C = Inter-level travel turns spent in this place as a percentage of turns spent in this place.
 D = Turns resting spent in this place as a percentage of non-inter-level travel turns spent in this place.
 E = Turns spent auto-exploring this place as a percentage of non-inter-level travel turns spent in this place.
 F = Non-inter-level travel turns spent in this place divided by the number of levels of this place that you've seen.
                   A       B       C       D       E      F
               +-------+-------+-------+-------+-------+----------------------
         Total | 100.0 | 100.0 |   6.0 |   3.0 |  73.4 | 1128.3
       Dungeon | 100.0 | 100.0 |   6.0 |   3.0 |  73.4 | 1128.3
               +-------+-------+-------+-------+-------+----------------------

Table legend:
 A = Kills in this place as a percentage of kills in entire the game.
 B = Kills by you in this place as a percentage of kills by you in the entire game.
 C = Kills by friends in this place as a percentage of kills by friends in the entire game.
 D = Other kills in this place as a percentage of other kills in the entire game.
 E = Experience gained in this place as a percentage of experience gained in the entire game.
 F = Experience gained in this place divided by the number of levels of this place that you have seen.
                   A       B       C       D       E      F
               +-------+-------+-------+-------+-------+----------------------
         Total | 100.0 | 100.0 |   N/A |   N/A | 100.0 | 1411.1
       Dungeon | 100.0 | 100.0 |   N/A |   N/A | 100.0 | 1411.1
               +-------+-------+-------+-------+-------+----------------------
